 Dungeon Crawl Stone Soup version 0.31-a0-256-g80acddb972 (webtiles) character file.

Game seed: 2942104643923465612

45 qw the Shooter (level 3, 0/29 HPs)
             Began as a Minotaur Hexslinger on July 12, 2023.
             Slain by Terence
             ... wielding a +0 flail
              (6 damage)
             ... on level 3 of the Dungeon.
             The game lasted 00:00:30 (1877 turns).

qw the Shooter (Minotaur Hexslinger)                Turns: 1877, Time: 00:00:30

Health: 0/29       AC:  5    Str: 12    XL:     3   Next: 42%
Magic:  3/3        EV: 10    Int: 10    God:
Gold:   146        SH:  0    Dex: 12    Spells: 3/4 levels left

rFire   . . .        Y - +1 sling
rCold   . . .        (no shield)
rNeg    . . .        i - +0 ring mail
rPois   .            (helmet restricted)
rElec   .            (no cloak)
rCorr   .            (no gloves)
SInv    .            (no boots)
Will    .....        (no amulet)
Stlth   +            (no ring)
HPRegen 0.24/turn    (no ring)
MPRegen 0.08/turn

%: no passive effects
@: no status effects
A: horns 2, retaliatory headbutt, clumsy 1, low MP 1
a: no special abilities


You were on level 3 of the Dungeon.
You visited 1 branch of the dungeon, and saw 3 of its levels.

You collected 146 gold pieces.


Innate Abilities, Weirdness & Mutations

You have a pair of horns on your head.
You reflexively headbutt those who attack you in melee.
You are clumsy. (Dex -2)
Your magical capacity is low. (-10% MP)


   Skills:
 - Level 2.0 Fighting
 - Level 4.0 Ranged Weapons
 + Level 0.0 Armour
 - Level 2.1 Dodging
 - Level 1.0 Spellcasting
 - Level 2.0 Hexes


You had 3 spell levels left.
You knew the following spells:

 Your Spells              Type           Power      Damage    Failure   Level
a - Slow                  Hex            16%        N/A       34%         1

Your spell library contained the following spells:

 Spells                   Type           Power      Damage    Failure   Level
 Inner Flame              Hex/Fire       2%         N/A       83%         3
 Portal Projectile        Hex/Tloc       4%         N/A       83%         3
 Cause Fear               Hex            2%         N/A       98%         4

Inventory:

Hand Weapons
 Y - a +1 sling (weapon)
Armour
 i - a +0 ring mail (worn)
Scrolls
 a - 2 scrolls of teleportation {unknown}
 c - a scroll of vulnerability {unknown}
Potions
 b - a potion of mutation
 e - a potion of heal wounds {unknown}
 g - a potion of enlightenment {unknown}
 h - a potion of magic {unknown}

Dungeon Overview and Level Annotations

Branches:
Dungeon (3/15)

Altars:
Yredelemnul

Annotations:
D:3 exclusion: orc, Terence


Message History

The sling bullet closely misses the jackal.
The sling bullet hits the jackal.
The jackal is lightly wounded.
You shoot a sling bullet.
The sling bullet hits Terence but does no damage.
Terence barely misses you.
You shoot a sling bullet. The sling bullet hits Terence!
Terence is heavily wounded.
The jackal closely misses you. You furiously retaliate!
You headbutt the jackal. Terence closely misses you.
You shoot a sling bullet.
The sling bullet hits Terence but does no damage.
Terence is heavily wounded.
The jackal bites you but does no damage.
The jackal barely misses you. Terence barely misses you.
You furiously retaliate!
You headbutt Terence. You shoot a sling bullet.
The sling bullet hits Terence but does no damage.
Terence is severely wounded.
The jackal bites you but does no damage.
Terence hits you with a +0 flail! Terence closely misses you.
You furiously retaliate!
You headbutt Terence. You shoot a sling bullet.
The sling bullet closely misses Terence.
The jackal bites you but does no damage.
Terence hits you with a +0 flail.
You shoot a sling bullet.
The sling bullet closely misses Terence.
The jackal bites you. The jackal completely misses you.
Terence closely misses you.
You shoot a sling bullet. The sling bullet barely misses Terence.
The jackal bites you. Terence hits you with a +0 flail!
The jackal bites you but does no damage.
Terence completely misses you.
You shoot a sling bullet.
The sling bullet hits Terence but does no damage.
Terence is almost dead.
The jackal bites you but does no damage.
The jackal closely misses you. Terence hits you with a +0 flail.
You die...

#.#.#.#.#.##.......## ##...
###.#.....#.#.........####...#
...........%.........+.......
#.#.....#.#.........####...#
#.......#.##.......## ##.##
#.......###.....## ###
###.##### ##...##
##.#########+###
#.......@hh.....
#..######@h#.### #..# h.# #..#
.... #..# ..... #..# .......
#... ....... #... .#...(.


You could see Terence and 4 jackals.

Vanquished Creatures
  An adder (D:3)
  2 dart slugs
  An orc (D:3)
  2 endoplasms (D:3)
  A giant cockroach (D:1)
  4 goblins
  3 hobgoblins
  3 jackals (D:1)
  A kobold (D:1)
  3 ball pythons
  2 bats
  A frilled lizard (D:3)
  4 rats
28 creatures vanquished.

Notes
Turn   | Place    | Note
-------+----------+-------------------------------------------
     0 | D:1      | qw the Minotaur Hexslinger began the quest for the Orb.
     0 | D:1      | Reached XP level 1. HP: 16/16 MP: 1/1
     0 | D:1      | 0 ||| qw: Version: 0.3-a-52-g30416fa
     0 | D:1      | 0 ||| qw: Game counter: 6757
     0 | D:1      | 0 ||| qw: Melee chars always use a shield: true
     0 | D:1      | 0 ||| qw: God list: Okawaru
     0 | D:1      | 0 ||| qw: Allow faded altars: false
     0 | D:1      | 0 ||| qw: Do Orc after clearing Dungeon:15 true
     0 | D:1      | 0 ||| qw: Do second Lair branch before Depths: true
     0 | D:1      | 0 ||| qw: Lair rune preference: random
     0 | D:1      | 0 ||| qw: Goals: Normal
     0 | D:1      | 0 ||| PLANNING D:1-11
   224 | D:1      | Reached skill level 3 in Ranged Weapons
   227 | D:1      | Reached XP level 2. HP: 23/23 MP: 2/2
   639 | D:1      | 639 ||| UPGRADING to +0 leather armour.
   649 | D:1      | 649 ||| DROPPING +0 robe.
   650 | D:1      | 650 ||| UPGRADING to +0 ring mail.
   660 | D:1      | 660 ||| DROPPING +0 leather armour.
   661 | D:1      | 661 ||| READING scroll labelled BAOXUY FIXZIT.
   662 | D:1      | 662 ||| READING scroll labelled KETHIPP LOOM.
   663 | D:1      | 663 ||| DRINKING 3 glowing brown potions.
   664 | D:1      | 664 ||| DROPPING scroll of poison.
   665 | D:1      | 665 ||| DROPPING 2 potions of attraction.
  1452 | D:2      | 1452 ||| READING scroll labelled KOMAYTS PE ZIODU.
  1453 | D:2      | 1453 ||| READING scroll labelled ASIPNO INGU.
  1454 | D:2      | 1454 ||| READING scroll labelled YRAATY ZOPU.
  1455 | D:2      | 1455 ||| DRINKING 2 grey potions.
  1455 | D:2      | Gained mutation: You are clumsy. (Dex -2) [potion of
                  | mutation]
  1455 | D:2      | Gained mutation: Your magical capacity is low. (-10% MP)
                  | [potion of mutation]
  1497 | D:3      | Found a basalt altar of Yredelemnul.
  1509 | D:3      | Reached XP level 3. HP: 29/29 MP: 3/3
  1806 | D:3      | Reached skill level 4 in Ranged Weapons
  1867 | D:3      | Noticed Terence
  1876 | D:3      | HP: 6/29 [Terence/+0 flail (9)]
  1877 | D:3      | Slain by Terence

Levels and vault maps discovered:
D:1:      mrwooster_arrival_statue, layout_loops_ring, chequers_big_river,
          minmay_misc_feat_rugged
D:2:      layout_loops_corners
D:3:      layout_loops_corners, mainiacjoe_overflow_catwalk,
          wad_rectangle_vault, uniq_natasha, uniq_terence

Skill      XL: |  1  2  3 |
---------------+----------+-----
Ranged Weapons | 3 4 |  4.0
Fighting       | 2 |  2.0
Dodging        | |  2.1
Spellcasting   | |  1.0
Hexes          | |  2.0

Action                     || total
---------------------------++-------
   Fire: Sling             ||    92
    Use: Scroll            ||     5
         Potion            ||     2
 Armour: Ring mail         ||    16
         Robe              ||     1
  Dodge: Dodged            ||    36

Table legend:
 A = Non-vault XP
 B = Vault XP
 C = Vault XP percentage of total XP
 D = Non-vault monster count
 E = Vault monster count
 F = Vault count percentage of total count
                 A         B        C        D         E       F
            +---------+---------+-------+---------+---------+-------
      Total |      65 |       0 |   0.0 |      28 |       0 |   0.0
            +---------+---------+-------+---------+---------+-------
        D:1 |      27 |       0 |   0.0 |      13 |       0 |   0.0
        D:2 |      10 |       0 |   0.0 |       5 |       0 |   0.0
        D:3 |      28 |       0 |   0.0 |      10 |       0 |   0.0
            +---------+---------+-------+---------+---------+-------
